 Dungeon Crawl Stone Soup version 0.22-a0-402-ga933591 (webtiles) character file.

5184 grindst0ne the Fighter (level 10, 0/79 HPs)
             Began as an Octopode Ice Elementalist on May 7, 2018.
             Was an Initiate of Gozag.
             Slain by a wyvern skeleton (13 damage)
             ... on level 9 of the Dungeon.
             The game lasted 00:41:22 (13704 turns).

grindst0ne the Fighter (Octopode Ice Elementalist) Turns: 13704, Time: 00:41:22

Health: 0/79       AC:  1    Str:  7    XL:     10   Next: 60%
Magic:  15/22      EV: 12    Int: 21    God:    Gozag
Gold:   80         SH:  5    Dex: 13    Spells: 3/13 levels left

rFire    . . .     SeeInvis .   z - staff of wizardry
rCold    . . .     Gourm    +   C - +1 buckler
rNeg     . . .     Faith    .   (helmet restricted)
rPois    .         Spirit   .   g - amulet of the gourmand
rElec    .         Reflect  .   k - ring of resist corrosion
rCorr    +         Harm     .   v - ring of magical power
MR       .....                  (no ring)
Stlth    ++........             (no ring)
HPRegen  0.23/turn              (no ring)
MPRegen  0.18/turn              (no ring)
                                (no ring)
                                (no ring)

@: very slightly contaminated, very heavily drained
A: almost no armour, stealthy swim, amphibious, 8 rings, constrict 8, camouflage
1, gelatinous body 1
a: Potion Petition, Call Merchant, Bribe Branch, Renounce Religion


You were on level 9 of the Dungeon.
You worshipped Gozag.
Gozag was noncommittal.
You were not hungry.

You visited 1 branch of the dungeon, and saw 9 of its levels.
You also visited: Bailey.

You collected 1604 gold pieces.
You spent 110 gold pieces at shops.
You paid 1414 gold pieces to Gozag.

Inventory:

Hand Weapons
 h - the +1 great mace of Luiploli {crush, rC+}
   (You found it on level 7 of the Dungeon)

   It inflicts extra damage upon your enemies.
   It protects you from cold.
 j - a +1 flail
Missiles
 x - 12 tomahawks (quivered)
 F - 6 javelins of returning
 K - 48 tomahawks of returning
Armour
 l - a +0 large shield
 C - a +1 buckler (worn)
 D - a +0 shield
Magical Staves
 z - an uncursed staff of wizardry (weapon)
Jewellery
 g - an amulet of the gourmand (around mantle)
 k - a ring of resist corrosion (left tentacle)
 v - a ring of magical power (right tentacle)
Wands
 i - a wand of random effects (24)
 E - a wand of flame (16)
Scrolls
 c - 3 scrolls of immolation {unknown}
 e - a scroll of magic mapping
 n - 2 scrolls of amnesia {unknown}
 p - 2 scrolls of remove curse
 q - 2 scrolls of acquirement {unknown}
 r - 4 scrolls of enchant armour
 u - 2 scrolls of fear {unknown}
 w - a scroll of random uselessness {unknown}
 y - 2 scrolls of vulnerability {unknown}
 A - a scroll of blinking {unknown}
 G - a scroll of holy word {unknown}
 H - 6 scrolls of teleportation {unknown}
 I - 3 scrolls of enchant weapon
 J - a scroll of noise {unknown}
Potions
 a - 2 potions of mutation
 d - 2 potions of flight
 f - a potion of ambrosia
 m - a potion of heal wounds
 o - 3 potions of haste
 s - 8 potions of curing
 t - 3 potions of berserk rage {unknown}
 B - a potion of cancellation
 L - a potion of resistance
Miscellaneous
 M - a lamp of fire (inert)
Comestibles
 b - 2 rations


   Skills:
 + Level 11.2(6.1) Fighting
 - Level 2.0(0.0) Dodging
 - Level 2.6(0.0) Stealth
 - Level 7.2(2.6) Shields
 - Level 2.0(0.0) Spellcasting
 - Level 1.0(0.0) Conjurations
 - Level 3.0(0.0) Summonings
 - Level 7.1(2.5) Ice Magic


You had 3 spell levels left.
You knew the following spells:

 Your Spells              Type           Power        Failure   Level  Hunger
a - Freeze                Ice            ##..         3%          1    ##.....
b - Throw Frost           Conj/Ice       #.....       8%          2    ###....
c - Ozocubu's Armour      Chrm/Ice       #.......     16%         3    ####...
d - Summon Ice Beast      Ice/Summ       #.......     43%         4    #####..


Dungeon Overview and Level Annotations

Branches:
Dungeon (9/15)             Temple (0/1) D:5
   Lair: D:8-11         Orc: D:9-12

Altars:
Cheibriados
Gozag
Kikubaaqudgha
Vehumet
Wu Jian
Yredelemnul
The Shining One
Beogh

Shops:
D:6 [   D:8 =   D:9 %

Annotations:
D:2 exclusion: downstairs
D:3 exclusion: downstairs


Innate Abilities, Weirdness & Mutations

You cannot wear most types of armour.
You are very stealthy in the water. (Stealth+)
You are amphibious.
You can wear up to eight rings at the same time.
You can use your tentacles to constrict eight enemies at once.
Your skin changes colour to match your surroundings (Stealth+).
Your rubbery body absorbs attacks. (AC +1, EV +1)


Message History

A wyvern skeleton is nearby!
You hit the wyvern skeleton. You squeeze the wyvern skeleton.
The wyvern skeleton is moderately damaged.
The wyvern skeleton misses you. The wyvern skeleton barely misses you.
Casting: Summon Ice Beast (quite dangerous; 43% risk of failure)
Confirm with . or Enter, or press ? or * to list all spells.
A chill wind blows around you. The wyvern skeleton bites you.
* * * LOW HITPOINT WARNING * * *
You completely miss the wyvern skeleton.
The wyvern skeleton is moderately damaged.
The wyvern skeleton bites you!
* * * LOW HITPOINT WARNING * * *
Your ice beast hits the wyvern skeleton.
Your ice beast freezes the wyvern skeleton.
The wyvern skeleton resists.
You hit the wyvern skeleton but do no damage.
The wyvern skeleton is moderately damaged.
The wyvern skeleton bites you!
You die...
Your body crumbles into a pile of gold.

.....................#
....................#
....................###
.......$..............###
...............Z.........
.........$$.....#........
#...............#.........
..............###Z........
.............###@.Y####...
####.......####...## ..
#.....#####..### .
##.#######...# ##
###....## #.....## #....##
# #....# ## ##...#


You could see a wyvern skeleton and a friendly ice beast.

Vanquished Creatures
  An orc warlord (Bailey)
  A yak (D:8)
  The ghost of Ijustatesigmund the Chopper, an amateur OpFi of the Shining One (D:3)
  Menkaure (D:4)
  5 orc warriors
  A sky beast (D:6)
  3 ogres
  An eye of draining (D:8)
  2 centaurs
  Blork the orc (D:6)
  A bullfrog (D:9)
  3 scorpions
  A crimson imp (D:5)
  2 howler monkeys
  A quasit (D:5)
  3 orc priests
  A hound (D:5)
  2 iguanas (D:4)
  7 worker ants
  15 orc wizards
  Terence (D:2)
  2 gnolls (Bailey)
  9 adders
  A shadow imp (D:5)
  2 oozes (D:1)
  2 adder skeletons
  2 worms
  2 dart slugs (D:2)
  8 leopard geckos
  59 orcs
  6 bats
  10 giant cockroaches
  11 goblins
  9 hobgoblins
  2 jackals (D:3)
  26 kobolds
  6 quokkas
  A ball python (D:3)
  7 frilled lizards
  A leopard gecko zombie (D:5)
  11 rats
231 creatures vanquished.

Vanquished Creatures (collateral kills)
  A centaur warrior (D:7)
  3 yaks (D:8)
  A hungry ghost (D:8)
  Grum (D:9)
  An orc warrior (D:7)
  2 sky beasts (D:8)
  A phantom (D:8)
  An ogre (D:8)
  2 wolves (D:9)
  A bullfrog (D:6)
  A scorpion (D:8)
  A crimson imp (D:8)
  An orc wizard (D:9)
  2 jellies
  An orc priest (D:7)
  An adder (D:6)
  12 orcs
  A giant cockroach (D:6)
  A quokka skeleton (D:5)
35 creatures vanquished.

Vanquished Creatures (others)
  A crimson imp (D:7)
1 creature vanquished.

Grand Total: 267 creatures vanquished

Notes
Turn   | Place    | Note
-------+----------+-------------------------------------------
     0 | D:1      | grindst0ne the Octopode Ice Elementalist began the quest for the Orb.
     0 | D:1      | Reached XP level 1. HP: 11/11 MP: 3/3
   121 | D:1      | Reached skill level 1 in Fighting
   121 | D:1      | Reached XP level 2. HP: 17/18 MP: 5/5
   476 | D:1      | Reached XP level 3. HP: 15/24 MP: 6/6
   996 | D:2      | Noticed Terence
  1005 | D:2      | Killed Terence
  1005 | D:2      | Reached skill level 2 in Fighting
  1253 | D:2      | Reached XP level 4. HP: 29/29 MP: 5/7
  2044 | D:2      | Found an ornate altar of the Wu Jian Council.
  2044 | D:2      | Found a glowing golden altar of the Shining One.
  2051 | D:2      | Found a basalt altar of Yredelemnul.
  2114 | D:2      | Reached skill level 3 in Fighting
  2166 | D:2      | Reached XP level 5. HP: 28/36 MP: 8/8
  2269 | D:2      | Learned a level 2 spell: Throw Frost
  2273 | D:2      | Learned a level 3 spell: Ozocubu's Armour
  2588 | D:3      | Noticed Ijustatesigmund's ghost (amateur OpFi)
  3001 | D:3      | Found a radiant altar of Vehumet.
  3177 | D:3      | Reached skill level 5 in Ice Magic
  3236 | D:3      | Reached XP level 6. HP: 18/43 MP: 5/9
  3613 | D:3      | Reached skill level 4 in Fighting
  3778 | D:3      | Killed Ijustatesigmund's ghost
  4239 | D:4      | Reached XP level 7. HP: 43/49 MP: 1/10
  4372 | D:4      | Reached skill level 5 in Fighting
  4482 | D:4      | Noticed Menkaure
  4939 | D:4      | Killed Menkaure
  5087 | D:4      | Reached skill level 6 in Fighting
  5087 | D:4      | Reached XP level 8. HP: 57/57 MP: 2/11
  5194 | D:4      | Found an opulent altar of Gozag.
  5261 | D:4      | Became a worshipper of Gozag Ym Sagoz the Greedy
  5287 | D:5      | Entered Level 5 of the Dungeon
  5795 | D:5      | Learned a level 4 spell: Summon Ice Beast
  5950 | D:5      | Found a staircase to the Ecumenical Temple.
  6102 | D:5      | Reached skill level 1 in Shields
  6229 | D:5      | Reached skill level 1 in Summonings
  7468 | D:6      | Reached skill level 7 in Fighting
  7564 | D:6      | Found Kowolene's Antique Armour Shop.
  7636 | D:6      | Noticed Blork the orc
  7645 | D:6      | Killed Blork the orc
  7940 | D:6      | Reached XP level 9. HP: 30/64 MP: 6/12
  8489 | D:7      | Found a snail-covered altar of Cheibriados.
  8490 | D:7      | Noticed a centaur warrior
  8500 | D:7      | Found a transporter.
  8639 | D:7      | Found a transporter.
  9277 | D:7      | Killed a centaur warrior
  9277 | D:7      | Reached skill level 8 in Fighting
  9277 | D:7      | Reached skill level 5 in Shields
  9308 | D:7      | Got a translucent great mace
  9313 | D:7      | Identified the +1 great mace of Luiploli {crush, rC+} (You found it on level 7 of the Dungeon)
  9555 | D:8      | Found a flagged portal.
  9571 | Bailey   | Entered a bailey
  9624 | Bailey   | Noticed an orc warlord
  9870 | Bailey   | Found a runed gate.
  9870 | Bailey   | Found a runed gate.
  9870 | Bailey   | Found a runed gate.
 10224 | Bailey   | Killed an orc warlord
 10224 | Bailey   | Reached skill level 9 in Fighting
 10224 | Bailey   | Reached XP level 10. HP: 61/75 MP: 7/13
 10861 | D:8      | Reached skill level 10 in Fighting
 11311 | D:8      | Found an ancient bone altar of Kikubaaqudgha.
 11403 | D:8      | Found a roughly hewn altar of Beogh.
 13345 | D:9      | Bought a ration for 55 gold pieces
 13345 | D:9      | Bought a ration for 55 gold pieces
 13419 | D:9      | Reached skill level 11 in Fighting
 13515 | D:9      | Noticed Grum
 13540 | D:9      | Killed Grum
 13704 | D:9      | Slain by a wyvern skeleton

Vault maps used:
D:1:      dpeg_arrival_renting, bh_walls_and_bars
D:2:      nicolae_overflow_hidden_temple, st_stairs_1, uniq_terence
D:3:      lemuel_doored_altar, first_ration
D:4:      kennysheep_big_flooded_room, marbit_many_paths, uniq_menkaure
D:5:      temple_hall
D:6:      serial_shops, nicolae_shop_crystal, uniq_blork_the_orc
D:7:      gammafunk_temple_overflow_arena
D:8:      kiku_gazebo_pond_becter, enter_bailey_3, special_room
D:9:      uniq_grum
Bailey:   bailey_axe_bossmonster_kennysheep, bailey

Skill      XL: |  1  2  3  4  5  6  7  8  9 10 |
---------------+-------------------------------+-----
Fighting       | 1 2 3 4 6 7 9 11 | 11.2
Ice Magic      | 4 5 6 7 |  7.1
Shields        | 3 7 |  7.2
Summonings     | 3 |  3.0
Dodging        | |  2.0
Stealth        | |  2.6
Spellcasting   | |  2.0
Conjurations   | |  1.0

Action                   |  1- 3 |  4- 6 |  7- 9 | 10-12 || total
-------------------------+-------+-------+-------+-------++-------
Melee: Unarmed           |    69 |     5 |       |       ||    74
       Constrict         |    12 |    35 |    36 |    23 ||   106
       Tentacles         |     7 |    18 |    29 |    23 ||    77
       Flail             |       |   107 |    32 |       ||   139
       Staff             |       |       |   120 |   135 ||   255
Throw: Tomahawk          |       |       |    57 |       ||    57
       Javelin           |       |       |    12 |       ||    12
 Cast: Freeze            |    11 |    58 |    78 |     2 ||   149
       Ozocubu's Armour  |       |     5 |     4 |       ||     9
       Throw Frost       |       |    19 |   163 |    20 ||   202
       Summon Ice Beast  |       |       |    11 |    35 ||    46
Invok: Potion Petition   |       |       |     1 |       ||     1
       Call Merchant     |       |       |       |     2 ||     2
Evoke: Wand              |       |       |    34 |     2 ||    36
       Lamp of fire      |       |       |       |     1 ||     1
  Use: Scroll            |       |     9 |     3 |     2 ||    14
       Potion            |       |       |     3 |     6 ||     9
 Stab: Sleeping          |     8 |     7 |     5 |       ||    20
       Distracted        |       |       |       |     2 ||     2
  Eat: Chunk             |     1 |    27 |     5 |       ||    33
       Ration            |       |       |     6 |     6 ||    12
Armor: Skin              |     4 |    18 |    21 |     3 ||    46
Dodge: Dodged            |    49 |   113 |   196 |   102 ||   460
Block: Buckler           |       |       |       |    54 ||    54

Table legend:
 A = Spawn XP
 B = Non-spawn XP
 C = Spawn XP percentage of total XP
 D = Spawn monster count
 E = Non-spawn monster count
 F = Spawn count percentage of total count
 G = Total turns spent on level
                    A         B        C        D         E        F      G
               +---------+---------+-------+---------+---------+-------+---------
         Total |       0 |    7406 |   0.0 |       0 |     267 |   0.0 | 13704
               +---------+---------+-------+---------+---------+-------+---------
           D:1 |       0 |      49 |   0.0 |       0 |      21 |   0.0 |  1235
           D:2 |       0 |     120 |   0.0 |       0 |      35 |   0.0 |  1120
           D:3 |       0 |     385 |   0.0 |       0 |      43 |   0.0 |  2171
           D:4 |       0 |     655 |   0.0 |       0 |      21 |   0.0 |   761
           D:5 |       0 |     611 |   0.0 |       0 |      31 |   0.0 |  1858
           D:6 |       0 |     642 |   0.0 |       0 |      19 |   0.0 |  1579
           D:7 |       0 |    1083 |   0.0 |       0 |      20 |   0.0 |  1695
           D:8 |       0 |    1507 |   0.0 |       0 |      40 |   0.0 |  2208
           D:9 |       0 |     458 |   0.0 |       0 |      10 |   0.0 |   373
        Bailey |       0 |    1896 |   0.0 |       0 |      27 |   0.0 |   704
               +---------+---------+-------+---------+---------+-------+---------
